 Dungeon Crawl Stone Soup version 0.29-a0-866-g0545e20025 (webtiles) character file.

Game seed: 14921005773377349706

268 wrnklyr the Vexing (level 6, 0/28 HPs)
             Began as a Spriggan Enchanter on July 17, 2022.
             Slain by a kobold
             ... wielding a +1 dagger of electrocution
              (20 damage)
             ... on level 4 of the Dungeon.
             The game lasted 00:06:32 (4059 turns).

wrnklyr the Vexing (Spriggan Enchanter)             Turns: 4059, Time: 00:06:33

Health: 0/28       AC:  3    Str:  6    XL:     6   Next: 1%
Magic:  13/15      EV: 17    Int: 17    God:
Gold:   156        SH:  0    Dex: 15    Spells: 5/16 levels left

rFire   . . .      SeeInvis +   a - +1 dagger
rCold   . . .      Faith    .   (no shield)
rNeg    + . .      Spirit   .   b - +1 robe
rPois   .          Reflect  .   (helmet restricted)
rElec   .          Harm     .   (no cloak)
rCorr   .          Rampage  .   (gloves unavailable)
Will    +....                   (boots unavailable)
Stlth   +++.......              (no amulet)
HPRegen 0.09/turn               d - ring of positive energy
MPRegen 0.14/turn               (no ring)

@: very quick
A: very small, no large weapons, unfitting armour, see invisible, speed 3
a: no special abilities


You were on level 4 of the Dungeon.
You visited 1 branch of the dungeon, and saw 4 of its levels.

You collected 156 gold pieces.

Inventory:

Hand Weapons
 a - a +1 dagger (weapon)
Armour
 b - a +1 robe (worn)
Jewellery
 d - a ring of positive energy (left hand)
Wands
 l - a wand of paralysis (6)
Scrolls
 k - a scroll of amnesia
Potions
 c - 2 potions of invisibility
 e - a potion of resistance
 f - a potion of lignification
 g - a potion of haste {unknown}
 h - 2 potions of mutation {unknown}
 i - a potion of curing
 j - a potion of cancellation {unknown}
 n - a potion of heal wounds {unknown}


   Skills:
 - Level 1.1 Short Blades
 - Level 2.6 Dodging
 + Level 4.4 Stealth
 + Level 5.7 Spellcasting
 + Level 6.3 Hexes


You had 5 spell levels left.
You knew the following spells:

 Your Spells              Type           Power      Damage    Failure   Level
a - Ensorcelled Hibernat  Hex/Ice        30%        N/A       5%          2
b - Tukima's Dance        Hex            26%        N/A       3%          3
c - Dazzling Flash        Conj/Hex       30%        N/A       11%         3
d - Confusing Touch       Hex            26%        N/A       3%          3

Your spell library contained the following spells:

 Spells                   Type           Power      Damage    Failure   Level
 Passwall                 Tmut/Erth      3%         N/A       21%         2
 Scorch                   Fire           8%         2d5       21%         2
 Swiftness                Air            4%         N/A       36%         3
 Flame Wave               Conj/Fire      4%         2d5       78%         4
 Summon Cactus Giant      Summ           2%         N/A       100%        6


Dungeon Overview and Level Annotations

Branches:
Dungeon (4/15)
 Temple: D:4-7

Altars:
Nemelex Xobeh
Qazlal

Shops:
D:1 [


Innate Abilities, Weirdness & Mutations

You are very small and have problems with some larger weapons.
You are too small for most types of armour.
You have supernaturally acute eyesight. (SInv)
You cover ground extremely quickly. (Speed+++)


Message History

A giant cockroach comes into view.
Found an embroidered robe.
A kobold comes into view.
It is wielding a +1 dagger of electrocution.
You see here a +0 robe of resistance.
The kobold shouts!
You hit the giant cockroach but do no damage.
The giant cockroach waves its antennae.
The giant cockroach closely misses you. x2; The kobold closely misses you.
You hit the giant cockroach but do no damage.
The giant cockroach completely misses you.
A jelly comes into view.
The kobold closely misses you.
You hit the giant cockroach.
The giant cockroach is lightly wounded.
The giant cockroach completely misses you.
The kobold hits you with a +1 dagger of electrocution.
You hit the giant cockroach but do no damage.
The giant cockroach is lightly wounded.
The giant cockroach barely misses you.
You barely miss the giant cockroach.
The giant cockroach is lightly wounded.
The kobold completely misses you. The giant cockroach closely misses you.
You closely miss the giant cockroach.
The giant cockroach is lightly wounded.
The giant cockroach closely misses you.
The kobold hits you with a +1 dagger of electrocution.
You hit the giant cockroach but do no damage.
The giant cockroach is lightly wounded.
The giant cockroach closely misses you. The kobold closely misses you.
The giant cockroach misses you.
Casting: Ensorcelled Hibernation (safe; 5% risk of failure)
Confirm with . or Enter, or press ? or * to list all spells.
Aiming: Ensorcelled Hibernation (safe; 5% risk of failure)
Press: ? - help, Shift-Dir - straight line, f - kobold
Aim: a kobold, wielding a +1 dagger of electrocution and quivering stones (chance to affect: 66%)
The kobold struggles to resist.
The kobold hits you with a +1 dagger of electrocution.
You are electrocuted!!
Ouch! That really hurt!
You die...

....# ###..........
.....# #...........
......#### ##..........
........#..###...........
........##.#........
...........####....>
.........### ....
...#..[!## ... #..@..# ..
......BKJ.# ..........#
............
......#..#...
.....##.###.... ..... #..
..## ..... #.# ..


You could see a jelly, a giant cockroach and a kobold.

Vanquished Creatures
  The ghost of Riddle the Shield-Bearer, an amateur GnFi (D:3)
  An orc wizard (D:3)
  4 adders
  A worm (D:3)
  A dart slug (D:1)
  4 orcs
  5 ball pythons
  2 bats
  3 endoplasms
  3 giant cockroaches
  8 hobgoblins
  3 jackals (D:1)
  2 quokkas
  4 frilled lizards
  6 goblins
  4 kobolds
  4 rats
56 creatures vanquished.

Notes
Turn   | Place    | Note
-------+----------+-------------------------------------------
     0 | D:1      | wrnklyr the Spriggan Enchanter began the quest for the Orb.
     0 | D:1      | Reached XP level 1. HP: 9/9 MP: 5/5
   177 | D:1      | Found Lenwaolas's Antique Armour Shop.
   242 | D:1      | Reached skill level 4 in Hexes
   431 | D:2      | Reached XP level 2. HP: 9/13 MP: 7/7
   434 | D:2      | Learned a level 2 spell: Ensorcelled Hibernation
  1207 | D:1      | Found a faded altar of an unknown god.
  1421 | D:1      | Reached XP level 3. HP: 16/16 MP: 9/9
  1425 | D:1      | Learned a level 3 spell: Tukima's Dance
  1429 | D:1      | Learned a level 3 spell: Confusing Touch
  2862 | D:3      | Found a runed translucent gate.
  2868 | D:3      | Found a runed translucent gate.
  2869 | D:3      | Found a runed translucent gate.
  2870 | D:3      | Noticed Riddle's ghost (amateur GnFi)
  2903 | D:3      | Found a stormy altar of Qazlal.
  2912 | D:3      | Reached skill level 5 in Hexes
  2912 | D:3      | Reached XP level 4. HP: 21/21 MP: 6/11
  3346 | D:3      | Found a sparkling altar of Nemelex Xobeh.
  3748 | D:3      | Killed Riddle's ghost
  3749 | D:3      | Reached skill level 5 in Spellcasting
  3749 | D:3      | Reached skill level 6 in Hexes
  3749 | D:3      | Reached XP level 5. HP: 13/24 MP: 12/14
  3749 | D:3      | Reached XP level 6. HP: 16/28 MP: 12/15
  3758 | D:3      | Learned a level 3 spell: Dazzling Flash
  3965 | D:3      | Identified the +6 short sword "Kamiar" {protect, *Noise
                  | rPois Str-3 Dex+6}
  4059 | D:4      | Slain by a kobold

Illustrated notes

Levels and vault maps discovered:
D:1:      grunt_arrival_crossed_arrows, layout_loops_ring, serial_shops,
          nicolae_lakefront_shop, serial_rivers, chequers_serial_rivers_micro_e,
          chequers_serial_rivers_large_a, chequers_serial_rivers_room_a,
          chequers_serial_rivers_small_b, chequers_serial_rivers_small_a,
          chequers_serial_rivers_marsh, shapermc_ecumenical_altar_totnotflames
D:2:      layout_basic, chequers_jeans, serial_bayou_pond_b,
          wander_ebering_terrifying_dragon_lair
D:3:      layout_loops_ring, nicolae_qazlal_scattered_showers,
          nemelex_spade_bored_becter, gammafunk_ghost_split
D:4:      layout_cave_pools, amcnicky_altar_gilded,
          minmay_temple_entry_offerings

Skill      XL: |  1  2  3  4 |
---------------+-------------+-----
Spellcasting   | 3 4 5 |  5.7
Hexes          | 4 5 6 |  6.3
Short Blades   | |  1.1
Dodging        | |  2.6
Stealth        | |  4.4

Action                   |  1- 3 |  4- 6 || total
-------------------------+-------+-------++-------
Melee: Dagger            |    89 |    52 ||   141
       Punch             |     1 |       ||     1
 Cast: Ensorcelled Hiber |    19 |     4 ||    23
Evoke: Wand              |       |     5 ||     5
  Use: Scroll            |     7 |     3 ||    10
       Potion            |     1 |     1 ||     2
 Stab: Sleeping          |    27 |     7 ||    34
       Paralysed         |       |     5 ||     5
Armor: Robe              |     7 |     5 ||    12
Dodge: Dodged            |    57 |    40 ||    97

Table legend: (Time is in decaauts)
 A = Elapsed time spent in this place.
 B = Non-inter-level travel time spent in this place.
 C = Inter-level travel time spent in this place.
 D = Time resting spent in this place.
 E = Time spent auto-exploring this place.
 F = Levels seen in this place.
 G = Mean time per level.
                   A        B        C        D        E       F      G
               +--------+--------+--------+--------+--------+-----+--------+
         Total |   2986 |   2930 |     56 |    283 |   2153 |   4 |  746.5 |
       Dungeon |   2986 |   2930 |     56 |    283 |   2153 |   4 |  746.5 |
               +--------+--------+--------+--------+--------+-----+--------+

Top non-repeatable levels by time:
     D:1: 1196 daAuts
     D:2: 892 daAuts
     D:3: 857 daAuts
     D:4: 40 daAuts
